 Dungeon Crawl Stone Soup version 0.17.0-24-gcfadda4 (webtiles) character file.

788 M4edhros the Covert (level 7, 0/38 HPs)
             Began as an Octopode Artificer on Nov 17, 2015.
             Slain by a centaur zombie (5 damage)
             ... in an ossuary.
             The game lasted 00:06:00 (2897 turns).

M4edhros the Covert (Octopode Artificer)            Turns: 2897, Time: 00:06:01

Health: 0/38       AC:  1    Str: 10    XL:     7   Next: 87%
Magic:  12/12      EV:  9    Int: 10    God:
Gold:   45         SH:  6    Dex: 15    Spells: 0 memorised, 6 levels left

rFire  . . .     SeeInvis +     a - +0 short sword
rCold  . . .     Clarity  .     x - +0 shield
rNeg   . . .     SustAt   .     (helmet restricted)
rPois  .         Gourm    .     (no amulet)
rElec  .         Spirit   .     n - ring of see invisible
rCorr  .         Warding  .     (no ring)
rMut   .         Stasis   .     (no ring)
MR     .....                    (no ring)
Stlth  +++++.....               (no ring)
                                (no ring)
                                (no ring)
                                (no ring)

@: not resistant to hostile enchantments, quite stealthy
A: almost no armour, amphibious, 8 rings, constrict 8, camouflage 1, dopey 2,
frail 1, gelatinous body 1
a: no special abilities


You were in an ossuary.
You were not hungry.

You visited 1 branch of the dungeon, and saw 5 of its levels.
You also visited: Sewer and Ossuary.

You collected 103 gold pieces.
You spent 58 gold pieces at shops.

Inventory:

Hand Weapons
 a - a +0 short sword (weapon)
 p - a +0 blowgun
Missiles
 j - 31 sling bullets
 k - 38 stones (quivered)
 q - 11 poisoned needles
Armour
 x - a +0 shield (worn)
Jewellery
 n - a ring of see invisible (left tentacle)
Wands
 b - a wand of flame (10)
 c - a wand of enslavement (13)
 d - a wand of random effects (14)
Scrolls
 f - a scroll of enchant weapon {unknown}
 i - 2 scrolls of remove curse {unknown}
 s - 2 scrolls of teleportation {unknown}
 u - a scroll of blinking {unknown}
 w - a scroll of magic mapping {unknown}
 y - a scroll of amnesia {unknown}
 z - a scroll of vulnerability {unknown}
Potions
 g - a potion of agility
 r - 4 potions of magic {unknown}
 t - 2 potions of flight {unknown}
Books
 l - Sif Muna's Almanac of Aid
   (You found it on level 3 of the Dungeon)

   Spells                             Type                      Level
   a - Infusion                       Charms                       1
Comestibles
 e - 4 bread rations
 h - a meat ration
 m - a slice of pizza


   Skills:
 - Level 1.0 Fighting
 - Level 1.0 Short Blades
 - Level 2.0 Dodging
 + Level 8.4 Stealth
 + Level 7.5 Evocations


You had 6 spell levels left.
You didn't know any spells.

Dungeon Overview and Level Annotations

Branches:
Dungeon (5/15)
 Temple: D:4-7

Altars:
Ashenzari
Sif Muna

Shops:
D:5 (*[[


Innate Abilities, Weirdness & Mutations

You cannot wear most types of armour.
You are amphibious.
You can wear up to eight rings at the same time.
You can use your tentacles to constrict eight enemies at once.
Your skin changes colour to match your surroundings (Stealth).
Your rubbery body absorbs attacks (AC +1).
You are very dopey. (Int -4)
You are frail (-10% HP).


Message History

Aim: a human zombie (constricted by you)
The puff of flame hits the human zombie.
This wand has 11 charges left.
You constrict the human zombie. The human zombie closely misses you.
Evoke which item? (* to show all) (? for menu, Esc to quit)
Okay, then.
Evoke which item? (* to show all) (? for menu, Esc to quit)
Zapping:
b - a wand of flame (11)
Press: ? - help, Shift-Dir - straight line, f/p - human zombie
Aim: a human zombie (constricted by you)
The puff of flame hits the human zombie.
This wand has 10 charges left.
You constrict the human zombie.
You destroy the human zombie!
You feel a little less mighty now.
There is an open door, spattered with blood here.
You are too injured to fight recklessly!
You hit the centaur zombie but do no damage.
You feel a little less agile now. The centaur zombie hits you.
You die...

#.......# #.....# ###.###
#'# #### ###.### ####
##...## ##.....## ##...#
#.....# #.......# #.....
##.....###...∩...###.....
#......Z@...∩∩∩...'......
##.....###...∩...###.....
#.....# #.......# #.....
##...## ##.....## ##...#
#### ###.### #### #+#


You could see a centaur zombie.

Vanquished Creatures
  2 big kobolds (Sewer)
  2 elf zombies (Ossuary)
  3 centaur zombies (Ossuary)
  6 human zombies (Ossuary)
  A giant frog skeleton (D:4)
  An orc wizard (D:3)
  2 worker ants
  3 mummies (Ossuary)
  3 adders
  A river rat (Sewer)
  2 oozes (Sewer)
  An adder skeleton (D:4)
  3 worms
  An orc (D:5)
  2 giant cockroaches
  4 goblins
  2 hobgoblins (D:2)
  4 jackals (D:2)
  7 kobolds
  A quokka (D:4)
  4 ball pythons
  4 bats (D:1)
  2 giant newts
  A jackal zombie (D:5)
  10 rats
72 creatures vanquished.

Notes
Turn   | Place    | Note
--------------------------------------------------------------
     0 | D:1      | M4edhros the Octopode Artificer began the quest for the Orb.
     0 | D:1      | Reached XP level 1. HP: 13/13 MP: 3/3
   148 | D:1      | Reached XP level 2. HP: 13/18 MP: 4/4
   516 | D:1      | You fall through a shaft!
   597 | D:2      | Reached skill level 4 in Evocations
   644 | D:2      | Reached XP level 3. HP: 21/23 MP: 6/6
   710 | D:2      | Found a shattered altar of Ashenzari.
   738 | D:3      | Found a deep blue altar of Sif Muna.
   758 | D:3      | Identified Sif Muna's Almanac of Aid
  1103 | D:3      | Gained mutation: You are dopey. (Int -2) [potion of mutation]
  1103 | D:3      | Gained mutation: You are very dopey. (Int -4) [potion of mutation]
  1103 | D:3      | Gained mutation: You are frail (-10% HP). [potion of mutation]
  1232 | D:4      | Reached XP level 4. HP: 25/25 MP: 7/7
  1315 | D:4      | Found a glowing drain.
  1322 | Sewer    | Entered a sewer
  1348 | Sewer    | Noticed a big kobold
  1362 | Sewer    | Killed a big kobold
  1362 | Sewer    | Reached skill level 5 in Evocations
  1362 | Sewer    | Reached XP level 5. HP: 16/29 MP: 8/8
  1465 | Sewer    | Noticed a big kobold
  1473 | Sewer    | Killed a big kobold
  1473 | Sewer    | Reached skill level 5 in Stealth
  1581 | Sewer    | Reached XP level 6. HP: 11/34 MP: 10/10
  1858 | D:4      | Reached skill level 6 in Stealth
  2168 | D:5      | Entered Level 5 of the Dungeon
  2186 | D:5      | Found Xaunil's Armour Emporium.
  2204 | D:5      | Bought a +0 shield for 58 gold pieces
  2230 | D:5      | Found Jexzoegg's Antique Armour Shoppe.
  2247 | D:5      | Found Xuasted's Antique Weapon Boutique.
  2471 | D:5      | Found Pulixac's General Store.
  2498 | D:5      | Found a sand-covered staircase.
  2509 | Ossuary  | Entered an ossuary
  2555 | Ossuary  | Reached XP level 7. HP: 24/38 MP: 11/11
  2567 | Ossuary  | Reached skill level 7 in Stealth
  2859 | Ossuary  | Reached skill level 8 in Stealth
  2897 | Ossuary  | Slain by a centaur zombie

Action                   |  1- 3 |  4- 6 |  7- 9 || total
-------------------------+-------+-------+-------++-------
Melee: Short sword       |    64 |    99 |    48 ||   211
 Fire: Blowgun           |       |     6 |       ||     6
Evoke: Wand              |     2 |     2 |     4 ||     8
  Use: Potion            |     3 |     6 |     4 ||    13
       Scroll            |     1 |       |       ||     1
 Stab: Sleeping          |     7 |    14 |     2 ||    23
  Eat: Chunk             |       |     4 |       ||     4
       Meat ration       |       |       |     1 ||     1
